 Dungeon Crawl Stone Soup version 0.26-a0-996-g6b303dbc09 (webtiles) character file.

Game seed: 6081387681801306024

126 KristoblXynda the Ducker (level 4, -8/23 HPs)
             Began as a Spriggan Gladiator on Dec 6, 2020.
             Mangled by an ogre
             ... wielding a +0 giant spiked club
              (31 damage)
             ... on level 4 of the Dungeon.
             The game lasted 00:03:22 (2847 turns).

KristoblXynda the Ducker (Spriggan Gladiator)       Turns: 2847, Time: 00:03:22

Health: -8/23      AC:  3    Str: 10    XL:     4   Next: 84%
Magic:  5/5        EV: 21    Int: 10    God:
Gold:   107        SH:  0    Dex: 17    Spells: 3/3 levels left

rFire    . . .     SeeInvis +   a - +0 rapier
rCold    . . .     Faith    .   (shield restricted)
rNeg     . . .     Spirit   .   b - +0 robe
rPois    .         Reflect  .   c - +0 hat
rElec    .         Harm     .   q - +0 cloak
rCorr    .         Rampage  .   (gloves unavailable)
MR       .....                  (boots unavailable)
Stlth    +++.......             g - amulet of the acrobat
HPRegen  0.07/turn              (no ring)
MPRegen  0.09/turn              (no ring)

@: very quick
A: very small, unfitting armour, see invisible, speed 3
a: no special abilities


You were on level 4 of the Dungeon.
You visited 1 branch of the dungeon, and saw 4 of its levels.

You collected 107 gold pieces.

Inventory:

Hand Weapons
 a - a +0 rapier (weapon)
Missiles
 d - 3 throwing nets (quivered)
Armour
 b - a +0 robe (worn)
 c - a +0 hat (worn)
 q - a +0 cloak (worn)
Jewellery
 g - an amulet of the acrobat (around neck)
 r - a +4 ring of protection {unknown}
Scrolls
 e - 4 scrolls of teleportation {unknown}
 i - a scroll of identify {unknown}
 j - 2 scrolls of fog {unknown}
 l - 3 scrolls of remove curse {unknown}
 o - a scroll of enchant armour {unknown}
Potions
 f - a potion of mutation {unknown}
 h - a potion of attraction {unknown}
 k - a potion of curing {unknown}
 m - a potion of brilliance {unknown}
 n - a potion of degeneration {unknown}
 p - 2 potions of flight {unknown}


   Skills:
 + Level 2.4 Fighting
 + Level 4.2 Short Blades
 - Level 2.0 Throwing
 + Level 5.5 Dodging
 + Level 3.5 Stealth


You had 3 spell levels left.
You didn't know any spells.
Your spell library contained the following spells:

 Spells                   Type           Power        Failure   Level
 Confusing Touch          Hex            #.......     75%         3
 Gell's Gravitas          Tloc           #.........   75%         3
 Petrify                  Tmut/Erth      #.......     98%         4
 Metabolic Englaciation   Hex/Ice        #.........   100%        5
 Yara's Violent Unravell  Hex/Tmut       #.........   100%        5


Dungeon Overview and Level Annotations

Branches:
Dungeon (4/15)
 Temple: D:4-7

Altars:
Nemelex Xobeh


Innate Abilities, Weirdness & Mutations

You are very small and have problems with some larger weapons.
You are too small for most types of armour.
You have supernaturally acute eyesight. (SInv)
You cover ground extremely quickly.


Message History

An ogre comes into view. It is wielding a +0 giant spiked club.
Found an iron ring.
Found a stone staircase leading up.
There is a stone staircase leading up here.
Found a ring mail.
You hit the ogre.
The ogre is lightly wounded.
The ogre misses you.
You hit the ogre.
The ogre is lightly wounded.
The ogre barely misses you.
You see here an iron ring.
r - an iron ring
There is a stone staircase leading up here.
You hit the ogre.
The ogre is moderately wounded.
You hit the ogre.
The ogre is heavily wounded.
The ogre hits you with a +0 giant spiked club!!
Ouch! That really hurt!
You die...

.#..... .#....#
..... ..... .
.....# ####.... ..
......###.#...##...
...................
...................
##......#<.......#.
#.........O@..####
#............##
.....#.###..## ....
## #..# # #...#
...... ......[
..##....


You could see an ogre.

Vanquished Creatures
  5 adders
  2 oozes
  3 worms
  A leopard gecko (D:2)
  3 ball pythons
  4 giant cockroaches
  4 goblins
  14 hobgoblins
  4 jackals (D:3)
  3 kobolds
  2 quokkas
  6 bats
  4 frilled lizards
  4 rats
59 creatures vanquished.

Notes
Turn   | Place    | Note
-------+----------+-------------------------------------------
     0 | D:1      | KristoblXynda the Spriggan Gladiator began the quest for
                  | the Orb.
     0 | D:1      | Reached XP level 1. HP: 10/10 MP: 2/2
    80 | D:1      | You fall into a shaft and drop 1 floor!
   110 | D:2      | Reached skill level 1 in Stealth
   132 | D:2      | Reached XP level 2. HP: 15/15 MP: 3/3
   277 | D:2      | Reached XP level 3. HP: 11/18 MP: 4/4
   669 | D:2      | Reached skill level 5 in Dodging
  1235 | D:1      | Reached XP level 4. HP: 23/23 MP: 5/5
  1996 | D:3      | Found a faded altar of an unknown god.
  2713 | D:3      | Found a sparkling altar of Nemelex Xobeh.
  2832 | D:4      | Noticed an ogre
  2847 | D:4      | Mangled by an ogre

Illustrated notes

Levels and vault maps discovered:
D:1:      dpeg_arrival_simpleton_c, layout_basic, grunt_decor_junction
D:2:      layout_basic, minmay_distorted
D:3:      layout_rooms, chequers_ecumenical_altar_island,
          nemelex_diamond_rough_becter
D:4:      layout_cave_pools, temple_fountains, serial_shops, nicolae_shop_stone

Skill      XL: |  1  2  3  4 |
---------------+-------------+-----
Stealth        | 1 2 3 |  3.5
Fighting       | 2 |  2.4
Dodging        | 5 |  5.5
Short Blades   | 4 |  4.2
Throwing       | |  2.0

Action                   |  1- 3 |  4- 6 || total
-------------------------+-------+-------++-------
Melee: Rapier            |    71 |    87 ||   158
 Stab: Sleeping          |     4 |     7 ||    11
       Distracted        |       |     1 ||     1
Armor: Robe              |     2 |     4 ||     6
Dodge: Dodged            |    51 |   111 ||   162

Table legend: (Time is in decaauts)
 A = Elapsed time spent in this place.
 B = Non-inter-level travel time spent in this place.
 C = Inter-level travel time spent in this place.
 D = Time resting spent in this place.
 E = Time spent auto-exploring this place.
 F = Levels seen in this place.
 G = Mean time per level.
                   A        B        C        D        E       F      G
               +--------+--------+--------+--------+--------+-----+--------+
         Total |   2132 |   2122 |     10 |    694 |   1000 |   4 |  533.0 |
       Dungeon |   2132 |   2122 |     10 |    694 |   1000 |   4 |  533.0 |
               +--------+--------+--------+--------+--------+-----+--------+

Top non-repeatable levels by time:
     D:2: 1117 daAuts
     D:3: 562 daAuts
     D:1: 440 daAuts
     D:4: 10 daAuts
